 Dungeon Crawl Stone Soup version 0.18-a0-1800-gdc7a371 (webtiles) character file.

88 esc the Sneak (level 4, -3/39 HPs)
             Began as a Naga Enchanter on Apr 24, 2016.
             Slain by Grinder (5 damage)
             ... while paralysed by Grinder
             ... on level 3 of the Dungeon.
             The game lasted 00:07:46 (2038 turns).

esc the Sneak (Naga Enchanter)                      Turns: 2038, Time: 00:07:46

Health: -3/39      AC:  4    Str: 11    XL:     4   Next: 54%
Magic:  7/7        EV:  1    Int: 16    God:
Gold:   23         SH:  0    Dex: 11    Spells: 3 memorised, 1 level left

rFire  . . .     SeeInvis +     a - +1 dagger
rCold  . . .     Gourm    .     b - +1 robe
rNeg   . . .     Faith    .     (no shield)
rPois  +         Spirit   .     k - +0 helmet
rElec  .         Dismiss  .     (no cloak)
rCorr  +         Reflect  .     (no gloves)
SustAt .         Harm     .     (no barding)
MR     .....                    (no amulet)
Stlth  +++.......               (no ring)
                                l - ring of resist corrosion

@: paralysed, very slow, not resistant to hostile enchantments, fairly stealthy
A: see invisible, deformed body, poison resistance, slowness 2, slow metabolism
1, spit poison 2, AC +1
a: Spit Poison


You were on level 3 of the Dungeon.
You were hungry.

You visited 1 branch of the dungeon, and saw 3 of its levels.

You collected 23 gold pieces.

Inventory:

Hand Weapons
 a - a +1 dagger (weapon)
Missiles
 e - 19 poisoned needles
 f - 28 stones (quivered)
Armour
 b - a +1 robe (worn)
 k - a +0 helmet (worn)
   (You took it off Robin on level 2 of the Dungeon)
Jewellery
 h - an uncursed amulet of faith {Faith, !P}
   (You found it on level 1 of the Dungeon)
 l - a ring of resist corrosion (left hand)
   (You took it off Robin on level 2 of the Dungeon)
Scrolls
 n - 2 scrolls of remove curse
Potions
 i - 2 potions of curing
 m - a potion of cure mutation {unknown}
Books
 c - a book of Maledictions
Comestibles
 d - a bread ration {@e1}
 g - 8 fruits
 o - a chunk of flesh {@w0}


   Skills:
 - Level 2.1 Fighting
 + Level 2.2 Short Blades
 - Level 2.5 Dodging
 + Level 4.6 Stealth
 - Level 2.0 Spellcasting
 + Level 3.0 Hexes


You had one spell level left.
You knew the following spells:

 Your Spells              Type           Power        Failure   Level  Hunger
a - Ensorcelled Hibernat  Hex/Ice        #.....       17%         2    ###....
b - Tukima's Dance        Hex            ##......     17%         3    ###....
v - Corona                Hex            ##.....      8%          1    #......


Dungeon Overview and Level Annotations

Branches:
Dungeon (3/15)

Altars:
Cheibriados
Kikubaaqudgha
Sif Muna
Xom
Yredelemnul
Zin

Annotations:
D:3 Grinder


Innate Abilities, Weirdness & Mutations

You cannot wear boots.
Your serpentine skin is tough (AC +1).
You have supernaturally acute eyesight.
Armour fits poorly on your strangely shaped body.
Your system is resistant to poisons.
You cover ground very slowly.
You have a slow metabolism.
You can spit poison.


Message History

The kobold closely misses you.
You closely miss the kobold. The kobold hits you.
You take 1 damage, and have 27/39 hp.
You barely miss the kobold. The kobold hits you but does no damage.
You closely miss the kobold. You hit the kobold.
You kill the kobold!
You hit the kobold. You closely miss the kobold.
The kobold hits you but does no damage.
Grinder drinks a potion.
Grinder seems to grow stronger.
Drink which item? (? for menu, Esc to quit)
It was a potion of lignification.
You turn into a tree.
Your +0 helmet melds into your body.
Your +1 robe melds into your body.
Your roots penetrate the ground.
The kobold hits you but does no damage.
You now have 42/58 hp.
You completely miss the kobold. The kobold hits you but does no damage.
You hit the kobold but do no damage. The kobold hits you but does no damage.
You closely miss the kobold. The kobold hits you but does no damage.
You closely miss the kobold. The kobold hits you but does no damage.
You hit the kobold but do no damage. The kobold hits you but does no damage.
You hit the kobold but do no damage. The kobold hits you but does no damage.
You hit the kobold.
You kill the kobold!
Grinder gestures at you.
You are unaffected.
Aim: Grinder (unusually strong)
The splash of poison hits Grinder.
Grinder completely resists.
You feel slightly more hungry.
You completely miss Grinder. Grinder hits you but does no damage.
You closely miss Grinder. Grinder hits you.
You take 5 damage, and have 39/58 hp.
You completely miss Grinder.
You have got your breath back.
Grinder gestures at you. You resist with significant effort.
You hit Grinder but do no damage. Grinder hits you but does no damage.
You closely miss Grinder. Grinder gestures at you.
You suddenly lose the ability to move!
Grinder hits you but does no damage. Grinder gestures at you.
You are unaffected.
Grinder hits you but does no damage. x3
Grinder hits you!
You can move again.
You take 6 damage, and have 33/58 hp.
Unknown command.
Unknown command.
You hit Grinder. You hit Grinder. Grinder hits you but does no damage.
You hit Grinder. Grinder hits you but does no damage.
You completely miss Grinder. Grinder hits you but does no damage.
You closely miss Grinder. Grinder hits you.
You barely miss Grinder. Grinder hits you but does no damage.
You barely miss Grinder. Grinder hits you but does no damage.
You are feeling hungry.
You barely miss Grinder. Grinder hits you.
You take 4 damage, and have 29/58 hp.
You closely miss Grinder. You hit Grinder but do no damage.
Grinder hits you but does no damage.
You closely miss Grinder. Grinder gestures at you.
You suddenly lose the ability to move!
Grinder gestures at you.
You shrug off the repeated paralysis!
Grinder hits you but does no damage.
Your transformation is almost over.
Grinder hits you but does no damage. Grinder hits you!
Grinder hits you but does no damage.
You can move again.
You take 7 damage, and have 22/58 hp.
Unknown command.
Unknown command.
Unknown command.
You barely miss Grinder. Grinder hits you but does no damage.
You closely miss Grinder.
Grinder says, "Just stop there for a second..."
Grinder hits you but does no damage.
You hit Grinder but do no damage. Grinder hits you but does no damage.
You hit Grinder. Grinder hits you but does no damage.
You closely miss Grinder. Grinder hits you but does no damage.
You closely miss Grinder. Grinder hits you but does no damage.
You hit Grinder.
You feel less woody.
Your +0 helmet unmelds from your body.
Your +1 robe unmelds from your body.
Grinder gestures at you.
You suddenly lose the ability to move!
Grinder hits you but does no damage. Grinder hits you.
You writhe in agony. x2
Grinder no longer looks unusually strong.
Grinder hits you.
* * * LOW HITPOINT WARNING * * *
You writhe in agony.
* * * LOW HITPOINT WARNING * * *
Grinder hits you.
* * * LOW HITPOINT WARNING * * *
You writhe in agony.
You die...

######
#....#
#....#
##..).#
#<....#
#####@#
#5# # #.#
.#
#(##..####
#.........
#.........
#...K.####
........
.#.##+####


You could see Grinder.

Vanquished Creatures
  Robin (D:2)
  2 adders (D:2)
  2 dart slugs (D:1)
  2 orcs
  12 bats
  6 hobgoblins
  10 kobolds
  2 ball pythons (D:1)
  2 giant newts (D:1)
  10 goblins
  3 rats (D:1)
52 creatures vanquished.

Notes
Turn   | Place    | Note
--------------------------------------------------------------
     0 | D:1      | esc the Naga Enchanter began the quest for the Orb.
     0 | D:1      | Reached XP level 1. HP: 15/15 MP: 3/3
   307 | D:1      | Reached XP level 2. HP: 20/24 MP: 5/5
   490 | D:1      | Reached skill level 1 in Fighting
   567 | D:1      | Reached skill level 2 in Dodging
   910 | D:1      | Reached XP level 3. HP: 23/31 MP: 6/6
  1029 | D:2      | Noticed Robin
  1223 | D:2      | Found an ancient bone altar of Kikubaaqudgha.
  1227 | D:2      | Found a deep blue altar of Sif Muna.
  1433 | D:2      | Reached skill level 2 in Short Blades
  1448 | D:2      | HP: 4/32 [Robin/falchion (7)]
  1454 | D:2      | Killed Robin
  1454 | D:2      | Reached skill level 2 in Fighting
  1454 | D:2      | Reached XP level 4. HP: 35/39 MP: 7/7
  1761 | D:2      | Found a snail-covered altar of Cheibriados.
  1761 | D:2      | Found a glowing silver altar of Zin.
  1877 | D:2      | Found a shimmering altar of Xom.
  1879 | D:2      | Found a basalt altar of Yredelemnul.
  1965 | D:3      | Learned a level 2 spell: Ensorcelled Hibernation
  1969 | D:3      | Learned a level 3 spell: Tukima's Dance
  1974 | D:3      | Noticed Grinder
  2005 | D:3      | Paralysed by Grinder for 6 turns
  2022 | D:3      | Paralysed by Grinder for 5 turns
  2034 | D:3      | Paralysed by Grinder for 5 turns
  2037 | D:3      | HP: 8/39 [Grinder (2)]
  2038 | D:3      | HP: 2/39 [Grinder (6)]
  2038 | D:3      | Slain by Grinder

Vault maps used:
D:1:      minmay_arrival_semitransparent
D:2:      nicolae_overflow_hidden_temple, amethyst_overflow_temple_binary,
          uniq_robin
D:3:      forest_paths, serial_curves, eino_curves_01, eino_curves_02,
          wad_floor_pattern_untrapped, uniq_jessica, uniq_terence, uniq_grinder

Skill      XL: |  1  2  3 |
---------------+----------+-----
Fighting       | 1 2 |  2.1
Dodging        | 2 |  2.5
Short Blades   | 2 |  2.2
Stealth        | |  4.6
Spellcasting   | |  2.0
Hexes          | |  3.0

Action                   |  1- 3 |  4- 6 || total
-------------------------+-------+-------++-------
Melee: Dagger            |   142 |    99 ||   241
 Abil: Spit Poison       |     5 |     6 ||    11
  Use: Scroll            |     1 |       ||     1
       Potion            |     4 |     1 ||     5
 Stab: Sleeping          |     7 |       ||     7
  Eat: Chunk             |     1 |     2 ||     3
Armor: Robe              |    55 |    43 ||    98
       Skin              |       |    28 ||    28
Dodge: Dodged            |    94 |    53 ||   147

Vault maps used:
D:1:      minmay_arrival_semitransparent
D:2:      nicolae_overflow_hidden_temple, amethyst_overflow_temple_binary,
          uniq_robin
D:3:      forest_paths, serial_curves, eino_curves_01, eino_curves_02,
          wad_floor_pattern_untrapped, uniq_jessica, uniq_terence, uniq_grinder

Table legend:
 A = Turns spent in this place as a percentage of turns spent in the entire game.
 B = Non-inter-level travel turns spent in this place as a percentage of non-inter-level travel turns spent in the entire game.
 C = Inter-level travel turns spent in this place as a percentage of turns spent in this place.
 D = Turns resting spent in this place as a percentage of non-inter-level travel turns spent in this place.
 E = Turns spent auto-exploring this place as a percentage of non-inter-level travel turns spent in this place.
 F = Non-inter-level travel turns spent in this place divided by the number of levels of this place that you've seen.
                   A       B       C       D       E      F
               +-------+-------+-------+-------+-------+----------------------
         Total | 100.0 | 100.0 |   0.6 |   1.6 |   8.3 | 208.7
       Dungeon | 100.0 | 100.0 |   0.6 |   1.6 |   8.3 | 208.7
               +-------+-------+-------+-------+-------+----------------------

Table legend:
 A = Kills in this place as a percentage of kills in entire the game.
 B = Kills by you in this place as a percentage of kills by you in the entire game.
 C = Kills by friends in this place as a percentage of kills by friends in the entire game.
 D = Other kills in this place as a percentage of other kills in the entire game.
 E = Experience gained in this place as a percentage of experience gained in the entire game.
 F = Experience gained in this place divided by the number of levels of this place that you have seen.
                   A       B       C       D       E      F
               +-------+-------+-------+-------+-------+----------------------
         Total | 100.0 | 100.0 |  -nan |  -nan | 100.0 |  42.3
       Dungeon | 100.0 | 100.0 |  -nan |  -nan | 100.0 |  42.3
               +-------+-------+-------+-------+-------+----------------------
